Map: Ancien domaine

Players

ODIN

  • Race: Protoss Protoss

Stio

  • Race: Terran Terran

BalB

  • Race: Protoss Protoss

NikośPOL

  • Race: Protoss Protoss

Logan

  • Race: Protoss Protoss

magnus

  • Race: Terran Terran

semen

  • Race: Zerg Zerg

Alex

  • Race: Protoss Protoss

VOD

Have the link to the VOD?

Description

Time

  • Played on: Jan. 19, 2020, 3:07 a.m.
  • Length: 19:36
Show
View Real Time Build Order
Export as new Build Order

ODIN Protoss 

Build Orders:  

Get SALT Encoding   

  12  0:04  Probe  
  13  0:18  Pylon  
  13  0:20  Probe (Chrono Boost)  
  14  0:32  Probe (Chrono Boost)  
  15  0:40  Forge  
  15  0:58  Pylon  
  15  1:14  Photon Cannon  
  15  1:18  Photon Cannon  
  15  1:25  Assimilator  
  15  1:27  Probe (Chrono Boost)  
  16  1:36  Assimilator, Probe (Chrono Boost)  
  17  1:41  Probe (Chrono Boost)  
  18  1:48  Gateway  
  18  1:53  Probe  
  19  2:05  Probe  
  20  2:17  Probe (Chrono Boost)  
  21  2:28  Probe (Chrono Boost)  
  22  2:33  Probe (Chrono Boost)  
  23  2:38  Cybernetics Core  
  23  2:46  Pylon  
  23  2:50  Pylon  
  23  2:56  Pylon  
  23  2:57  Probe  
  24  3:09  Probe  
  25  3:23  Nexus  
  25  3:29  Stargate  
  25  3:34  Stargate  
  25  3:43  Robotics Facility  
  25  3:50  Probe (Chrono Boost)  
  26  4:01  Probe (Chrono Boost)  
  27  4:12  Photon Cannon  
  27  4:16  Photon Cannon  
  31  4:34  Void Ray (Chrono Boost)  
  31  4:36  Void Ray (Chrono Boost)  
  35  4:46  Observer  
  35  4:52  Probe (Chrono Boost)  
  37  5:00  Assimilator  
  37  5:03  Probe (Chrono Boost)  
  37  5:04  Assimilator  
  38  5:08  Probe (Chrono Boost)  
  39  5:18  Probe  
  40  5:21  Photon Cannon  
  40  5:27  Void Ray  
  44  5:38  Probe (Chrono Boost)  
  45  5:49  Probe (Chrono Boost)  
  46  5:53  Probe (Chrono Boost)  
  46  5:54  Pylon  
  47  5:58  Pylon  
  48  6:07  Probe x2 (Chrono Boost)  
  49  6:13  Void Ray  
  49  6:18  Void Ray, Probe (Chrono Boost)  
  59  6:20  Probe (Chrono Boost)  
  59  6:23  Probe (Chrono Boost)  
  60  6:32  Observer  
  61  6:34  Probe  
  62  6:42  Fleet Beacon  
  62  6:45  Photon Cannon  
  62  6:48  Photon Cannon  
  62  6:54  Stargate  
  62  6:58  Photon Cannon  
  62  7:07  Probe (Chrono Boost)  
  64  7:17  Probe (Chrono Boost)  
  64  7:22  Probe (Chrono Boost)  
  64  7:23  Void Ray  
  64  7:26  Tempest  
  74  7:30  Flux Vanes  
  74  7:33  Probe  
  75  7:45  Probe  
  75  7:49  Pylon  
  76  7:54  Pylon  
  76  8:00  Nexus  
  76  8:03  Assimilator  
  76  8:07  Assimilator  
  76  8:12  Photon Cannon  
  76  8:14  Photon Cannon  
  76  8:20  Photon Cannon  
  76  8:22  Photon Cannon  
  76  8:27  Photon Cannon  
  76  8:30  Photon Cannon  
  76  8:39  Void Ray  
  80  8:45  Tempest  
  85  8:53  Observer  
  86  9:06  Twilight Council  
  86  9:09  Robotics Bay  
  86  9:29  Protoss Air Weapons Level 1  
  86  9:32  Protoss Shields Level 1  
  86  9:46  Stargate  
  86  9:57  Tempest x2, Void Ray  
  100  10:06  Gravitic Boosters  
  100  10:19  Probe (Chrono Boost)  
  101  10:25  Pylon  
  101  10:27  Probe (Chrono Boost)  
  101  10:28  Pylon  
  102  10:32  Pylon  
  102  10:33  Probe  
  103  10:36  Pylon  
  103  10:37  Pylon  
  103  10:41  Photon Cannon  
  103  10:44  Photon Cannon, Resonating Glaives  
  103  10:45  Probe  
  103  10:48  Photon Cannon  
  104  10:57  Probe (Chrono Boost)  
  104  11:03  Gravitic Drive  
  105  11:08  Probe (Chrono Boost)  
  106  11:12  Void Ray  
  106  11:13  Void Ray  
  106  11:14  Tempest  
  106  11:17  Tempest  
  124  11:28  Anion Pulse-Crystals  
  124  11:31  Observer  
  125  11:58  Observer  
  126  12:14  Tempest x2  
  126  12:15  Void Ray  
  140  12:20  Observer, Void Ray  
  145  12:41  Observer  
  146  13:25  Void Ray x2  
  154  13:32  Pylon  
  154  13:34  Pylon  
  154  13:36  Pylon  
  154  13:38  Pylon  
  154  13:58  Tempest  
  154  14:00  Void Ray  
  163  14:21  Void Ray (Chrono Boost)  
  171  14:24  Void Ray (Chrono Boost)  
  167  14:52  Void Ray (Chrono Boost), Protoss Air Weapons Level 2  
  167  14:54  Tempest (Chrono Boost)  
  176  15:02  Protoss Shields Level 2 (Chrono Boost)  
  176  15:20  Observer  
  176  15:45  Void Ray  
  176  15:46  Void Ray  
  184  15:50  Phoenix  
  184  15:51  Phoenix  
  188  15:58  Pylon  
  188  16:01  Pylon  
  113  17:22  Probe (Chrono Boost)  
  114  17:26  Void Ray x2  
  114  17:27  Void Ray x2  
  130  17:32  Probe (Chrono Boost)  
  130  17:37  Probe (Chrono Boost)  
  132  17:48  Probe  
  109  18:00  Probe  
  90  18:09  Void Ray x2, Tempest x2  
  88  18:45  Probe (Chrono Boost)  
  89  18:49  Void Ray x4 (Chrono Boost)  
  89  18:55  Probe (Chrono Boost)  
  106  19:00  Probe (Chrono Boost)  
Show
View Real Time Build Order
Export as new Build Order

Stio Terran 

Build Orders:  

Get SALT Encoding   

  12  0:38  Supply Depot  
  12  0:52  SCV  
  13  1:04  SCV  
  13  1:07  Barracks  
  14  1:16  SCV  
  14  1:17  Supply Depot  
  15  1:28  SCV  
  16  1:40  SCV  
  16  1:44  Supply Depot  
  17  1:52  SCV  
  18  2:04  SCV  
  19  2:10  Marine  
  20  2:28  Marine  
  21  2:30  Refinery  
  21  2:33  Refinery  
  21  2:46  Marine  
  22  3:04  Marine  
  23  3:22  Marine  
  22  3:40  Marine  
  23  3:57  Marine  
  24  4:04  SCV  
  25  4:16  SCV  
  26  4:20  Command Center  
  26  4:28  SCV  
  27  4:40  SCV  
  27  4:45  Factory  
  28  4:46  Factory  
  28  4:52  SCV  
  29  5:04  SCV  
  29  5:07  Marine  
  31  5:24  Marine  
  32  5:32  Factory x2  
  32  5:35  Orbital Command  
  32  5:36  Orbital Command  
  32  5:42  Marine  
  33  5:51  Factory Tech Lab x2  
  33  6:00  Marine  
  34  6:16  Factory Tech Lab  
  34  6:18  Marine, Factory Tech Lab  
  35  6:36  Marine  
  36  6:41  Armory  
  36  6:42  Armory  
  36  6:53  Marine  
  37  7:11  Marine  
  38  7:18  SCV  
  39  7:28  Refinery, SCV  
  39  7:29  Marine  
  41  7:30  SCV  
  42  7:41  SCV  
  42  7:42  SCV  
  44  7:47  Marine  
  45  7:53  SCV  
  45  7:54  SCV  
  45  7:55  Refinery  
  47  8:05  Marine, SCV  
  49  8:06  SCV  
  50  8:17  SCV  
  51  8:39  Command Center  
  51  8:43  SCV  
  52  8:55  SCV  
  53  9:07  SCV  
  54  9:25  Supply Depot  
  54  9:26  Supply Depot  
  54  9:27  Supply Depot x2  
  54  9:46  Thor  
  54  9:47  SCV  
  54  9:48  Thor x2  
  54  9:49  Supply Depot, Thor  
  54  9:50  Supply Depot  
  54  9:52  Supply Depot  
  79  9:53  Supply Depot  
  79  10:14  Supply Depot  
  79  10:15  Supply Depot  
  79  10:17  Supply Depot  
  79  10:18  Supply Depot  
  79  10:29  Thor  
  79  10:31  Thor  
  91  10:43  Thor  
  91  10:44  Thor  
  103  11:07  Supply Depot  
  103  11:08  Supply Depot  
  103  11:09  Supply Depot  
  103  11:12  Thor  
  103  11:14  Thor  
  103  11:15  Supply Depot  
  115  11:32  Supply Depot  
  115  11:54  Thor x2  
  115  11:55  Thor  
  115  11:57  Thor  
  127  13:41  Thor x4  
  147  14:24  Thor x3  
  165  14:32  SCV  
  166  14:39  SCV  
  166  14:44  SCV  
  168  14:51  SCV  
  169  14:54  SCV  
  169  14:56  SCV  
  171  15:03  SCV  
  171  15:06  SCV  
  173  15:07  Refinery x2  
  173  15:09  SCV  
  174  15:15  SCV  
  174  15:18  SCV  
  174  15:21  SCV  
  177  15:27  SCV  
  178  15:30  SCV  
  179  15:38  Thor  
  179  15:39  Thor x2  
  179  15:42  SCV  
  76  18:21  Thor x4  
Show
View Real Time Build Order
Export as new Build Order

BalB Protoss 

Build Orders:  

Get SALT Encoding   

  12  0:41  Pylon  
  12  0:45  Assimilator  
  12  0:46  Probe  
  13  0:53  Assimilator  
  13  0:58  Probe  
  14  1:10  Probe  
  15  1:22  Probe  
  16  1:28  Gateway  
  16  1:34  Probe  
  17  1:46  Probe  
  18  1:53  Pylon  
  18  1:58  Probe  
  18  2:01  Pylon  
  19  2:12  Forge  
  19  2:29  Cybernetics Core  
  19  2:51  Photon Cannon  
  19  2:53  Photon Cannon  
  19  3:16  Photon Cannon  
  19  3:49  Stargate  
  19  3:54  Stargate  
  19  3:56  Stargate  
  19  4:38  Stargate  
  19  4:43  Stargate  
  19  4:49  Photon Cannon  
  19  5:40  Void Ray  
  23  5:47  Nexus  
  23  6:06  Void Ray  
  27  6:33  Void Ray  
  31  7:06  Void Ray  
  35  7:24  Void Ray  
  39  7:31  Probe  
  40  8:03  Void Ray  
  44  8:20  Void Ray  
  48  8:31  Oracle  
  51  8:49  Oracle  
  54  9:23  Pylon  
  54  9:26  Pylon  
  54  9:41  Void Ray  
  52  10:29  Void Ray x2  
  60  11:00  Photon Cannon  
  60  11:54  Photon Cannon  
  60  11:58  Photon Cannon  
  56  13:35  Void Ray x2  
  64  14:18  Void Ray  
  64  14:20  Protoss Air Weapons Level 1  
  68  14:55  Probe  
  69  15:07  Probe  
  70  15:29  Pylon  
  70  15:30  Pylon  
  70  15:47  Void Ray x2  
  70  15:48  Probe  
  74  16:29  Protoss Air Armor Level 1  
  74  16:44  Void Ray  
  62  17:08  Void Ray  
  66  17:27  Void Ray  
  30  17:51  Void Ray  
  26  18:10  Void Ray  
  30  18:34  Void Ray  
Show
View Real Time Build Order
Export as new Build Order

NikośPOL Protoss 

Build Orders:  

Get SALT Encoding   

  12  0:03  Probe  
  13  0:18  Probe  
  14  0:26  Pylon  
  14  0:32  Pylon  
  14  0:40  Assimilator  
  14  0:46  Assimilator  
  14  0:54  Forge  
  14  0:55  Probe  
  15  1:13  Gateway  
  15  1:14  Probe  
  16  1:32  Probe, Photon Cannon  
  17  1:44  Probe  
  17  1:45  Photon Cannon  
  18  2:00  Probe  
  19  2:04  Gateway  
  19  2:12  Probe  
  19  2:14  Pylon  
  20  2:18  Zealot  
  22  2:36  Cybernetics Core  
  22  2:45  Photon Cannon  
  22  2:47  Probe  
  23  2:54  Zealot  
  25  3:03  Gateway  
  25  3:09  Probe  
  26  3:21  Probe  
  27  3:42  Nexus  
  27  3:52  Warp Gate  
  27  4:01  Pylon  
  27  4:03  Probe  
  28  4:13  Twilight Council  
  28  4:15  Probe  
  29  4:49  Assimilator  
  29  4:57  Nexus  
  29  5:06  Assimilator  
  29  5:07  Probe  
  30  5:19  Probe, Stargate  
  31  5:26  Dark Shrine  
  31  5:31  Probe  
  31  5:34  Pylon  
  32  5:43  Photon Cannon, Probe  
  32  5:49  Photon Cannon  
  33  5:55  Probe  
  34  6:04  Photon Cannon  
  34  6:07  Probe  
  35  6:17  Stargate  
  35  6:19  Probe  
  35  6:21  Pylon  
  35  6:24  Pylon  
  36  6:27  Pylon  
  36  6:30  Pylon  
  36  6:36  Probe  
  37  6:47  Stargate  
  37  6:48  Probe  
  37  6:49  Stargate  
  38  7:00  Probe  
  39  7:02  Shadow Stride  
  39  7:08  Fleet Beacon  
  39  7:16  Probe  
  39  7:17  Probe  
  41  7:28  Probe  
  41  7:29  Probe  
  43  7:35  Assimilator  
  43  7:42  Assimilator  
  43  7:43  Probe  
  45  7:51  Probe  
  45  7:55  Tempest  
  45  7:56  Tempest  
  55  8:03  Probe  
  56  8:09  Templar Archives  
  56  8:15  Probe  
  56  8:17  Stargate  
  57  8:27  Probe x2  
  59  8:39  Probe  
  59  8:40  Stargate  
  60  8:51  Probe  
  60  8:54  Tempest  
  66  8:56  Tempest  
  66  8:57  Tempest  
  76  9:08  Probe  
  77  9:11  Probe  
  78  9:20  Probe  
  78  9:23  Pylon, Probe  
  80  9:32  Probe, Pylon  
  80  9:36  Pylon  
  81  9:38  Pylon  
  81  9:41  Pylon  
  81  9:45  Probe  
  82  9:49  Probe  
  83  9:57  Probe, Tempest  
  83  9:58  Tempest  
  94  10:00  Tempest  
  94  10:01  Probe  
  100  10:09  Probe  
  100  10:11  Psionic Storm  
  100  10:13  Probe  
  102  10:15  Protoss Air Weapons Level 1  
  102  10:21  Probe  
  103  10:33  Tempest, Probe  
  103  10:34  Tempest  
  114  10:37  Tempest  
  119  10:45  Probe  
  120  10:54  Pylon  
  120  10:57  Pylon, Probe  
  120  11:01  Pylon  
  121  11:05  Pylon  
  121  11:08  Pylon  
  121  11:09  Probe  
  122  11:12  Pylon  
  122  11:17  Tempest  
  127  11:19  Tempest  
  127  11:20  Tempest  
  137  11:37  Tempest  
  137  11:38  Tempest  
  147  11:49  Robotics Facility  
  147  11:58  Oracle  
  150  12:48  Robotics Bay  
  150  12:56  Tempest  
  150  12:57  Tempest  
  160  12:59  Tempest  
  160  13:01  Tempest  
  160  13:02  Tempest  
  160  13:03  Protoss Air Weapons Level 2 (Chrono Boost)  
  160  13:04  Tempest  
  180  14:02  Observer  
  181  14:06  Mothership  
  67  18:39  Probe  
  68  18:51  Probe  
  69  19:04  Probe  
  70  19:16  Probe  
Show
View Real Time Build Order
Export as new Build Order

Logan Protoss 

Build Orders: Cannon Rush, Carriers 

Get SALT Encoding   

  12  0:06  Probe  
  13  0:17  Pylon  
  13  0:20  Probe (Chrono Boost)  
  14  0:32  Probe (Chrono Boost)  
  15  0:38  Forge  
  15  0:47  Pylon  
  15  0:51  Probe  
  16  1:12  Photon Cannon  
  16  1:27  Photon Cannon  
  16  1:34  Photon Cannon  
  16  1:44  Pylon  
  16  2:03  Nexus  
  16  2:10  Pylon  
  16  2:25  Photon Cannon  
  16  2:37  Photon Cannon  
  16  2:43  Pylon  
  16  2:51  Probe  
  17  3:03  Gateway, Probe  
  18  3:09  Pylon  
  18  3:16  Probe  
  19  3:30  Photon Cannon  
  19  3:37  Photon Cannon  
  19  3:46  Probe  
  20  3:58  Probe  
  20  4:02  Nexus  
  21  4:13  Photon Cannon  
  21  4:17  Pylon  
  21  4:21  Probe  
  22  4:31  Assimilator  
  22  4:33  Probe  
  23  4:40  Photon Cannon  
  23  4:45  Photon Cannon  
  23  4:50  Pylon  
  23  4:54  Assimilator  
  23  4:55  Probe  
  24  5:01  Probe  
  25  5:14  Photon Cannon  
  25  5:18  Pylon  
  25  5:25  Photon Cannon  
  25  5:32  Probe (Chrono Boost)  
  25  5:34  Assimilator, Probe (Chrono Boost)  
  27  5:45  Probe (Chrono Boost)  
  28  5:50  Cybernetics Core  
  28  5:58  Assimilator  
  28  6:05  Pylon  
  28  6:06  Assimilator, Probe (Chrono Boost)  
  32  6:18  Probe (Chrono Boost)  
  32  6:19  Probe (Chrono Boost)  
  32  6:20  Probe (Chrono Boost)  
  32  6:28  Stargate  
  32  6:30  Probe x3  
  35  6:33  Assimilator  
  35  6:42  Probe  
  35  6:45  Stargate  
  36  6:48  Protoss Air Weapons Level 1 (Chrono Boost)  
  36  6:49  Shield Battery  
  36  6:54  Probe  
  37  6:58  Protoss Shields Level 1 (Chrono Boost)  
  37  7:09  Probe x3  
  40  7:21  Probe x2  
  40  7:22  Probe  
  43  7:29  Void Ray  
  47  7:41  Probe x2  
  47  7:42  Probe  
  50  7:52  Fleet Beacon  
  50  7:56  Pylon  
  50  7:58  Probe x3  
  53  8:10  Probe  
  54  8:15  Void Ray (Chrono Boost)  
  54  8:16  Cybernetics Core  
  58  8:22  Probe x2  
  60  8:36  Protoss Air Weapons Level 2 (Chrono Boost)  
  60  8:38  Stargate  
  60  8:40  Stargate  
  60  8:44  Photon Cannon  
  60  8:50  Flux Vanes  
  60  8:53  Protoss Air Armor Level 1 (Chrono Boost)  
  60  9:00  Probe x3  
  63  9:12  Probe  
  63  9:14  Pylon  
  64  9:17  Twilight Council  
  64  9:23  Void Ray x3  
  76  9:29  Probe  
  77  9:42  Probe  
  84  9:54  Probe  
  84  9:55  Mothership  
  84  9:58  Carrier (Chrono Boost)  
  85  10:06  Probe  
  86  10:07  Pylon  
  94  10:32  Carrier (Chrono Boost)  
  94  10:33  Protoss Shields Level 2 (Chrono Boost)  
  112  10:42  Carrier x2 (Chrono Boost)  
  112  11:08  Protoss Air Weapons Level 3 (Chrono Boost)  
  112  11:11  Tempest  
  112  11:17  Protoss Air Armor Level 2 (Chrono Boost)  
  117  11:20  Nexus  
  117  11:22  Pylon  
  117  11:25  Assimilator  
  117  11:27  Assimilator  
  117  11:33  Pylon  
  117  11:37  Pylon  
  117  11:38  Pylon  
  117  11:39  Photon Cannon  
  117  11:42  Photon Cannon  
  117  11:48  Pylon  
  117  11:50  Photon Cannon  
  117  11:55  Photon Cannon  
  117  12:02  Shield Battery  
  117  12:07  Photon Cannon  
  117  12:08  Photon Cannon  
  117  12:16  Void Ray x2  
  117  12:17  Carrier x2  
  137  12:28  Robotics Facility  
  137  12:34  Photon Cannon  
  137  12:59  Void Ray x2  
  145  13:07  Pylon  
  145  13:13  Photon Cannon  
  145  13:18  Photon Cannon  
  145  13:21  Void Ray  
  149  13:43  Carrier  
  149  13:44  Carrier x2  
  167  13:58  Observer  
  168  14:07  Probe  
  169  14:18  Protoss Air Armor Level 3 (Chrono Boost)  
  169  14:19  Observer, Probe  
  171  14:26  Carrier  
  177  14:32  Probe  
  178  14:39  Photon Cannon x2  
  178  14:41  Observer  
  178  14:44  Probe  
  180  15:05  Pylon  
  180  15:06  Pylon  
  180  15:08  Pylon  
  180  15:09  Pylon x2  
  180  15:11  Pylon  
  180  15:13  Pylon  
  180  15:17  Tempest x3  
  195  15:29  Tempest  
  195  15:30  Protoss Shields Level 3  
  200  16:10  Robotics Bay  
  200  16:32  Nexus  
  200  16:36  Nexus  
  200  16:39  Pylon  
  200  16:44  Pylon  
  133  18:19  Void Ray x4  
  127  19:13  Observer  
  128  19:18  Stargate  
  128  19:30  Assimilator  
Show
View Real Time Build Order
Export as new Build Order

magnus Terran 

Build Orders:  

Get SALT Encoding   

  12  1:37  SCV  
  13  1:41  Supply Depot  
  13  1:45  Refinery  
  13  1:49  SCV  
  14  1:57  Refinery  
  14  1:58  Command Center  
  14  2:00  Engineering Bay  
  14  2:01  SCV  
  15  2:14  SCV  
  16  2:26  SCV  
  17  2:37  Supply Depot  
  17  2:38  SCV  
  18  2:48  Missile Turret  
  18  2:50  SCV  
  19  3:01  Barracks  
  19  3:02  SCV  
  20  3:13  Refinery  
  20  3:14  SCV  
  20  3:17  SCV  
  22  3:26  SCV  
  23  3:29  SCV  
  24  3:38  SCV  
  25  3:41  SCV  
  26  3:50  SCV  
  26  3:53  Barracks Reactor  
  26  3:54  SCV, Factory  
  28  3:59  Supply Depot  
  28  4:00  Terran Infantry Armor Level 1  
  29  4:02  SCV  
  29  4:06  SCV  
  30  4:18  SCV  
  31  4:30  SCV  
  32  4:36  Supply Depot  
  32  4:37  Orbital Command  
  32  4:42  SCV  
  32  4:45  Factory Tech Lab  
  33  4:52  Starport  
  33  4:54  SCV  
  33  4:59  Refinery  
  34  5:06  SCV  
  35  5:08  SCV  
  35  5:13  Mag-Field Accelerator  
  36  5:18  SCV  
  36  5:19  Supply Depot  
  36  5:20  SCV  
  38  5:30  SCV  
  38  5:32  SCV  
  40  5:42  Supply Depot, SCV  
  41  5:44  SCV  
  41  5:47  Starport Reactor  
  42  5:51  Starport  
  42  5:54  Terran Infantry Weapons Level 1  
  42  5:55  SCV  
  42  5:56  SCV  
  44  6:05  Supply Depot  
  44  6:07  SCV  
  44  6:08  SCV  
  46  6:19  SCV  
  46  6:20  SCV  
  48  6:27  Armory  
  48  6:31  Orbital Command  
  48  6:32  Armory, SCV  
  49  6:37  Missile Turret  
  49  6:44  SCV  
  50  6:47  Starport Reactor  
  50  6:53  Infernal Pre-Igniter  
  50  6:58  Missile Turret  
  50  7:08  Viking x2  
  54  7:10  Starport  
  54  7:15  Supply Depot  
  54  7:18  Terran Ship Weapons Level 1  
  54  7:19  Armory  
  54  7:20  Terran Vehicle And Ship Armor Level 1  
  54  7:32  Missile Turret  
  54  7:37  Viking  
  54  7:38  Viking  
  58  7:48  Hi-Sec Auto Tracking  
  58  7:54  Missile Turret, SCV  
  59  8:00  SCV  
  60  8:06  SCV  
  60  8:07  Viking  
  60  8:08  Viking  
  60  8:11  Drilling Claws  
  60  8:12  SCV  
  66  8:18  Command Center, SCV, Starport Reactor  
  67  8:23  Starport  
  67  8:24  Terran Vehicle Weapons Level 1, SCV  
  68  8:30  Supply Depot, SCV  
  69  8:37  SCV, Viking  
  69  8:38  Viking  
  74  8:42  SCV  
  75  8:49  SCV  
  75  8:53  Supply Depot  
  75  8:54  SCV  
  77  9:01  SCV  
  78  9:04  Starport Reactor  
  78  9:07  SCV  
  79  9:10  Starport  
  79  9:13  SCV  
  80  9:19  SCV, Terran Infantry Weapons Level 2  
  81  9:25  SCV  
  81  9:28  Viking x3  
  81  9:30  Smart Servos  
  81  9:31  SCV  
  89  9:33  Refinery  
  89  9:37  SCV  
  90  9:47  Supply Depot  
  90  9:48  Terran Vehicle And Ship Armor Level 2  
  90  9:49  SCV  
  91  9:53  Starport Reactor  
  91  9:58  SCV  
  92  10:05  Refinery  
  92  10:07  SCV  
  92  10:10  SCV  
  92  10:13  SCV  
  95  10:19  Viking x5, SCV  
  106  10:22  SCV  
  106  10:25  SCV  
  106  10:26  Supply Depot  
  108  10:31  SCV  
  108  10:34  SCV  
  110  10:38  SCV  
  110  10:41  Terran Ship Weapons Level 2  
  111  10:44  SCV  
  111  10:46  SCV  
  111  10:47  Terran Vehicle Weapons Level 2  
  113  10:50  SCV  
  113  10:56  SCV  
  115  11:00  SCV  
  115  11:02  SCV  
  117  11:12  SCV  
  118  11:24  SCV  
  119  11:34  Viking x8  
  119  11:35  Viking, Terran Infantry Armor Level 2  
  119  11:36  SCV  
  138  11:48  SCV  
  139  12:04  SCV  
  140  12:16  SCV  
  140  12:19  Terran Vehicle And Ship Armor Level 3  
  141  12:25  Viking  
  141  12:26  Viking x4  
  141  12:29  SCV, Viking  
  154  12:45  Viking x3  
  160  13:01  Terran Ship Weapons Level 3  
  160  13:06  Viking  
  162  13:51  Neosteel Armor  
  162  14:00  Viking x6  
  162  14:01  Viking x4  
  182  14:30  Viking x2  
  186  14:41  Terran Vehicle Weapons Level 3  
  186  14:47  Viking x4  
  194  15:11  Viking x3  
  200  15:31  Terran Infantry Weapons Level 3  
  122  17:14  Viking x4  
  122  17:15  Viking x6  
  138  17:22  Orbital Command  
  140  17:44  Viking x4  
  140  17:45  Viking x6  
  160  18:14  Viking x5  
  160  18:15  Viking x5  
  180  18:23  Refinery  
  180  18:27  Refinery  
  180  18:44  Viking x5  
  180  18:45  Viking x3  
Show
View Real Time Build Order
Export as new Build Order

semen Zerg 

Build Orders: Pool First 

Get SALT Encoding   

  12  0:25  Spawning Pool  
  11  0:37  Extractor  
  11  0:40  Extractor  
  9  1:15  Zergling x4  
  9  1:16  Zergling x2  
  9  1:17  Queen  
  14  1:52  Hatchery  
  13  2:01  Lair  
  13  3:08  Drone  
  14  4:10  Spire  
  13  4:52  Drone x2  
  15  4:53  Overlord  
  15  5:28  Corruptor  
  15  5:29  Mutalisk x2  
  21  5:41  Zerg Flyer Weapons Level 1  
  21  6:25  Corruptor  
  23  6:39  Drone x4  
  27  6:42  Drone  
  28  7:13  Pneumatized Carapace  
  28  7:16  Overseer  
  28  7:35  Zerg Flyer Armor Level 1  
  28  8:34  Overseer  
  28  8:51  Overseer  
  28  9:00  Overseer  
  28  9:08  Overseer  
  28  9:14  Overseer  
  28  9:29  Zerg Flyer Weapons Level 2  
  28  9:38  Overlord x3  
  28  9:39  Overlord x3  
  28  9:40  Overlord  
  28  9:41  Overlord x2  
  28  10:19  Infestation Pit  
  27  10:52  Corruptor  
  27  10:53  Corruptor x2  
  27  10:54  Mutalisk x2  
  37  11:04  Drone x2  
  39  11:28  Overseer  
  39  11:44  Zerg Flyer Armor Level 2  
  39  12:17  Mutalisk x2  
  39  12:18  Mutalisk x2  
  47  14:14  Corruptor x2  
  47  14:15  Mutalisk  
  47  14:16  Mutalisk x4  
  61  14:49  Hive  
  21  17:33  Corruptor x3  
  21  17:34  Mutalisk x4  
  21  17:35  Mutalisk x2  
  39  18:36  Mutalisk x2  
  43  19:04  Extractor  
  43  19:07  Extractor  
Show
View Real Time Build Order
Export as new Build Order

Alex Protoss 

Build Orders:  

Get SALT Encoding   

  12  0:49  Probe  
  13  1:02  Probe  
  14  1:12  Nexus  
  14  1:14  Probe  
  15  1:23  Pylon  
  15  1:41  Probe  
  15  1:44  Forge  
  16  1:50  Gateway  
  16  1:54  Probe  
  17  2:04  Assimilator  
  17  2:06  Probe (Chrono Boost)  
  17  2:08  Assimilator  
  18  2:18  Probe (Chrono Boost)  
  19  2:27  Probe x2 (Chrono Boost)  
  21  2:35  Probe (Chrono Boost)  
  23  2:37  Probe (Chrono Boost)  
  23  2:40  Probe (Chrono Boost)  
  24  2:44  Probe  
  24  2:48  Pylon  
  24  2:51  Probe  
  26  2:56  Probe  
  26  2:58  Photon Cannon  
  27  3:03  Probe  
  28  3:07  Photon Cannon  
  28  3:08  Probe  
  29  3:15  Probe  
  30  3:20  Probe  
  30  3:25  Photon Cannon  
  31  3:32  Pylon  
  31  3:43  Nexus  
  31  3:48  Assimilator  
  31  3:55  Assimilator  
  31  3:59  Probe (Chrono Boost)  
  32  4:03  Pylon  
  33  4:10  Probe (Chrono Boost)  
  33  4:12  Pylon  
  33  4:14  Probe (Chrono Boost)  
  34  4:17  Pylon  
  34  4:24  Cybernetics Core  
  34  4:25  Probe  
  35  4:32  Assimilator  
  35  4:36  Assimilator  
  35  4:37  Probe (Chrono Boost)  
  36  4:42  Pylon  
  36  4:46  Pylon  
  36  4:49  Probe (Chrono Boost)  
  37  4:53  Pylon  
  37  4:54  Probe (Chrono Boost)  
  37  4:56  Pylon  
  38  5:01  Pylon  
  38  5:04  Probe (Chrono Boost)  
  38  5:05  Probe (Chrono Boost)  
  41  5:16  Probe x2 (Chrono Boost)  
  41  5:20  Stargate  
  41  5:21  Probe x2 (Chrono Boost)  
  42  5:25  Stargate  
  44  5:29  Warp Gate  
  44  5:30  Probe  
  44  5:31  Probe  
  46  5:36  Twilight Council  
  46  5:42  Robotics Facility  
  46  5:43  Probe  
  47  5:55  Probe (Chrono Boost)  
  48  6:00  Probe (Chrono Boost)  
  49  6:07  Probe (Chrono Boost)  
  49  6:11  Probe x2 (Chrono Boost)  
  52  6:13  Probe (Chrono Boost)  
  52  6:15  Probe (Chrono Boost)  
  54  6:19  Probe  
  54  6:21  Probe  
  56  6:26  Probe  
  56  6:30  Stargate  
  56  6:31  Probe, Pylon  
  56  6:32  Stargate  
  58  6:33  Probe  
  58  6:36  Stargate  
  58  6:38  Probe  
  60  6:43  Probe  
  61  6:47  Pylon  
  61  6:53  Pylon  
  61  6:54  Pylon  
  61  6:55  Probe  
  61  6:57  Pylon x2  
  62  7:02  Pylon  
  62  7:07  Robotics Facility  
  62  7:09  Pylon, Protoss Air Weapons Level 1  
  62  7:12  Fleet Beacon  
  62  7:24  Dark Shrine  
  62  7:29  Forge  
  62  7:31  Robotics Bay  
  62  7:35  Cybernetics Core  
  62  7:40  Gateway  
  62  7:43  Gateway, Shield Battery  
  62  7:45  Shield Battery  
  62  7:47  Shield Battery  
  62  7:49  Shield Battery  
  62  7:54  Nexus  
  62  7:57  Assimilator  
  62  8:01  Assimilator  
  62  8:07  Pylon  
  62  8:10  Pylon  
  62  8:13  Protoss Ground Weapons Level 1  
  62  8:15  Pylon  
  62  8:19  Pylon  
  62  8:26  Pylon  
  62  8:38  Gateway  
  62  8:39  Gateway  
  62  8:42  Gateway  
  62  8:45  Gateway  
  62  8:56  Templar Archives  
  62  9:10  Pylon, Probe (Chrono Boost)  
  62  9:11  Pylon  
  63  9:20  Pylon, Probe (Chrono Boost)  
  64  9:25  Gateway, Probe (Chrono Boost)  
  64  9:26  Gateway  
  64  9:29  Gateway  
  65  9:36  Probe  
  65  9:37  Pylon  
  66  9:42  Photon Cannon x2  
  66  9:45  Shield Battery  
  66  9:46  Shield Battery  
  66  9:48  Probe  
  67  9:57  Oracle  
  67  9:58  Oracle  
  67  9:59  Phoenix x2  
  77  10:00  Phoenix, Probe  
  80  10:12  Probe  
  81  10:21  Protoss Ground Armor Level 1  
  81  10:24  Tempest x3, Photon Cannon, Probe  
  81  10:26  Photon Cannon  
  97  10:32  Pylon  
  97  10:34  Pylon, Tempest  
  102  10:37  Probe (Chrono Boost)  
  102  10:38  Carrier  
  109  10:43  Pylon  
  109  10:47  Pylon  
  109  10:49  Probe (Chrono Boost)  
  110  10:53  Charge  
  110  10:55  Probe (Chrono Boost), Psionic Storm  
  111  10:58  Shadow Stride  
  111  11:02  Gravitic Boosters  
  111  11:03  Probe  
  112  11:04  Photon Cannon  
  112  11:07  Photon Cannon, Carrier x2  
  112  11:10  Photon Cannon  
  124  11:11  Protoss Ground Weapons Level 2  
  124  11:15  Probe  
  125  11:21  Protoss Air Armor Level 1 (Chrono Boost)  
  125  11:26  Protoss Air Weapons Level 2 (Chrono Boost)  
  125  11:37  Anion Pulse-Crystals (Chrono Boost)  
  125  11:59  Extended Thermal Lance  
  125  12:19  Phoenix  
  125  12:20  Phoenix x4  
  135  12:26  Nexus  
  135  12:33  Blink  
  135  12:34  Flux Vanes  
  135  12:44  Assimilator, Tempest x2  
  135  12:45  Tempest  
  135  12:48  Assimilator  
  150  12:55  Pylon  
  150  12:56  Pylon  
  150  13:01  Pylon  
  150  13:04  Pylon  
  150  13:09  Pylon  
  150  13:15  Zealot x2  
  150  13:16  Zealot x3, Pylon  
  150  13:17  Zealot x4  
  150  13:18  Zealot  
  170  13:23  Mothership  
  170  13:31  Protoss Shields Level 1 (Chrono Boost)  
  170  13:33  Gravitic Drive  
  178  13:54  Pylon  
  178  13:55  Pylon  
  178  13:57  Pylon  
  178  13:58  Protoss Air Weapons Level 3  
  178  14:01  Protoss Air Armor Level 2  
  178  14:11  Protoss Ground Weapons Level 3 (Chrono Boost)  
  178  14:28  Photon Cannon x2  
  178  14:31  Photon Cannon  
  178  14:33  Photon Cannon  
  178  14:34  Resonating Glaives  
  178  14:37  Shield Battery  
  178  14:40  Shield Battery  
  178  14:43  Shield Battery  
  178  14:45  Shield Battery  
  178  14:56  Pylon  
  178  14:58  Pylon  
  178  15:10  Phoenix x2  
  178  15:11  Phoenix x3  
  188  15:35  Phoenix x2  
  190  15:36  Phoenix  
  190  15:37  Stalker x3  
  190  15:39  Protoss Ground Armor Level 2 (Chrono Boost)  
  85  16:54  Observer x2  
  77  17:14  Tempest  
  77  17:15  Tempest x3  
  97  17:16  Immortal x2, Tempest  
  110  17:36  Mothership  
  118  17:55  Immortal x2  
  118  17:57  Tempest  
  118  17:58  Tempest x2  
  141  17:59  Zealot x4  
  141  18:00  Zealot x3  
  141  18:01  Zealot x2  
  167  18:34  Immortal x2  
  174  19:27  Nexus  
Tags
 
Add a new tag
Caveats
  • Supply blocks, unpowered buildings, or Contaminate may cause inaccurate times.
  • Supply counts are checked every 10 seconds.